 Dungeon Crawl Stone Soup version 0.25-a0-578-gc91f01c (webtiles) character file.

Game seed: 6527920560921128827, levelgen mode: deterministic

49049 Faels the Slicer (level 14, -7/109 HPs)
             Began as a Demonspawn Fighter on Mar 4, 2020.
             Was a High Priest of Okawaru.
             Mangled by a stone giant (13 damage)
             ... on level 1 of the Orcish Mines.
             The game lasted 01:21:31 (35606 turns).

Faels the Slicer (Demonspawn Fighter)              Turns: 35606, Time: 01:21:31

Health: -7/109     AC: 17    Str: 19    XL:     14   Next: 14%
Magic:  19/19      EV: 13    Int: 10    God:    Okawaru [*****.]
Gold:   1436       SH: 17    Dex: 19    Spells: 13/13 levels left

rFire    + . .     SeeInvis .   d - +8 dagger (venom)
rCold    + . .     Gourm    .   R - +5 kite shield
rNeg     . . .     Faith    .   i - +0 chain mail
rPois    +         Spirit   .   T - +0 hat
rElec    .         Reflect  .   (no cloak)
rCorr    .         Harm     .   (no gloves)
MR       +....                  (no boots)
Stlth    ..........             v - amulet of rage
HPRegen  0.00/turn              k - ring of protection from fire
MPRegen  0.16/turn              B - ring of poison resistance

@: sanguine armour
A: antennae 1, claws 1, agile 1, cold resistance 1, inhibited regeneration,
spiny 1, strong 1, freezing cloud immunity, MP-powered wands, sanguine armour 1
a: Heroism, Finesse, Renounce Religion, Evoke Berserk Rage


You were on level 1 of the Orcish Mines.
You worshipped Okawaru.
Okawaru was extremely pleased with you.
You were not hungry.

You visited 4 branches of the dungeon, and saw 19 of its levels.
You also visited: Ossuary.

You collected 1504 gold pieces.
You spent 68 gold pieces at shops.

Inventory:

Hand Weapons
 c - a +2 dagger of draining
 d - a +8 dagger of venom (weapon)
 C - the +2 quick blade of Expedience {vorpal, rPois}
   (Okawaru gifted it to you on level 6 of the Lair of Beasts)

   It inflicts extra damage upon your enemies.
   It protects you from poison.
 L - a +6 rapier
 O - a +2 vampiric short sword
Missiles
 u - 5 silver javelins
 y - 2 javelins
 z - 47 poisoned darts (quivered)
 A - 9 atropa-tipped darts
 X - 26 silver boomerangs
Armour
 i - a +0 chain mail (worn)
 R - a +5 kite shield (worn)
 T - a +0 hat (worn)
Jewellery
 k - a ring of protection from fire (left claw)
 o - a +4 ring of strength {unknown}
 p - an uncursed ring of protection from cold
 v - an amulet of rage (around neck)
 B - a ring of poison resistance (right claw)
 I - an uncursed ring of fire
 P - an uncursed amulet of guardian spirit
 S - an uncursed ring of magical power
Wands
 b - a wand of digging (5)
 g - a wand of flame (20)
 t - a wand of iceblast (3)
 G - a wand of clouds (6)
 H - a wand of enslavement (5)
 Q - a wand of random effects (16)
 V - a wand of polymorph (15)
 Y - a wand of disintegration (8)
Scrolls
 m - 16 scrolls of teleportation
 D - 4 scrolls of magic mapping
 F - 6 scrolls of remove curse
 M - 4 scrolls of fear
 Z - 3 scrolls of fog
Potions
 e - 3 potions of curing
 h - a potion of brilliance {unknown}
 j - 2 potions of invisibility
 l - 4 potions of ambrosia
 n - 8 potions of flight
 q - 2 potions of resistance
 r - 3 potions of haste
 s - 3 potions of might
 w - 6 potions of heal wounds
 x - 12 potions of stabbing
 E - 2 potions of lignification
 K - 2 potions of magic
 U - a potion of cancellation {unknown}
Miscellaneous
 a - a fan of gales
Comestibles
 f - 17 rations


   Skills:
 + Level 9.8 Fighting
 - Level 11.8(12.0) Short Blades
   Level 3.4(8.4) Long Blades
 - Level 2.7 Throwing
 + Level 9.0 Armour
 - Level 10.0 Dodging
 + Level 9.0 Shields
 + Level 6.2 Invocations
 - Level 7.0 Evocations


You had 13 spell levels left.
You didn't know any spells.
Your spell library contained the following spells:

 Spells                   Type           Power        Failure   Level  Hunger
 Apportation              Tloc           #.....       100%        1    ##.....
 Corona                   Hex            #......      100%        1    ##.....
 Sandblast                Erth           #.....       100%        1    ##.....
 Summon Butterflies       Summ           #.......     100%        1    ##.....
 Ensorcelled Hibernation  Hex/Ice        #.....       100%        2    ###....
 Passwall                 Tmut/Erth      #.......     100%        2    ###....
 Slow                     Hex            #.......     100%        2    ###....
 Confusing Touch          Hex            #.......     100%        3    ####...
 Dazzling Flash           Conj/Hex       #.....       100%        3    ####...
 Gell's Gravitas          Tloc           #.........   100%        3    ####...
 Inner Flame              Hex/Fire       #.......     100%        3    ####...
 Lesser Beckoning         Tloc           #.........   100%        3    ####...
 Portal Projectile        Hex/Tloc       #.....       100%        3    ####...
 Stone Arrow              Conj/Erth      #.....       100%        3    ####...
 Tukima's Dance           Hex            #.......     100%        3    ####...
 Cause Fear               Hex            #.........   100%        4    #####..
 Ice Form                 Ice/Tmut       #.......     100%        4    #####..
 Leda's Liquefaction      Hex/Erth       #.........   100%        4    #####..
 Petrify                  Tmut/Erth      #.......     100%        4    #####..
 Alistair's Intoxication  Tmut/Pois      #.......     100%        5    ######.
 Lee's Rapid Deconstruct  Erth           #.........   100%        5    ######.
 Metabolic Englaciation   Hex/Ice        #.........   100%        5    ######.
 Silence                  Hex/Air        #.........   100%        5    ######.
 Yara's Violent Unravell  Hex/Tmut       #.........   100%        5    ######.
 Deflect Missiles         Chrm/Air       #.........   100%        6    #######
 Freezing Cloud           Conj/Ice/Air   #.........   100%        6    #######
 Invisibility             Hex            #.......     100%        6    #######
 Ozocubu's Refrigeration  Ice            #.........   100%        6    #######
 Simulacrum               Ice/Necr       #.........   100%        6    #######
 Discord                  Hex            #.........   100%        8    #######


Dungeon Overview and Level Annotations

Branches:
Dungeon (11/15)            Temple (1/1) D:7            Lair (6/6) D:9
  Swamp (0/4) Lair:3       Spider (0/4) Lair:2        Slime (0/5) Lair:6
    Orc (1/2) D:10        Ossuary (visited)

Altars:
Ashenzari
Cheibriados
Dithmenos
Elyvilon
Fedhas
Gozag
Hepliaklqana
Kikubaaqudgha
Makhleb
Nemelex Xobeh
Okawaru
Qazlal
Ru
Sif Muna
Trog
Uskayaw
Vehumet
Wu Jian
Xom
Yredelemnul
Zin
The Shining One
Jiyva

Shops:
D:11 (

Annotations:
Lair:1 exclusion: 2 oklob plants


Innate Abilities, Weirdness & Mutations

You have sharp fingernails.
Your flesh is cold resistant. (rC+)
You are partially covered in sharp spines.
You are immune to freezing clouds.
When seriously injured, your bleeding wounds create armour. (AC +6)
You have a pair of small antennae on your head.
You are agile. (Dex +2)
You do not regenerate when monsters are visible.
Your muscles are strong. (Str +2)
You expend magic power (3 MP) to strengthen your wands.


Message History

You hit the stone giant.
The stone giant looks as sick as possible!
The stone giant is moderately wounded.
You puncture the stone giant!
The stone giant is heavily wounded.
You block the stone giant's attack.
You barely miss the stone giant.
The stone giant is heavily wounded.
You hit the stone giant.
The stone giant looks as sick as possible!
The stone giant is heavily wounded.
You block the stone giant's attack.
You hit the stone giant but do no damage.
The stone giant looks as sick as possible!
The stone giant is severely wounded.
You hit the stone giant.
The stone giant looks as sick as possible!
The stone giant is severely wounded.
The stone giant hits you!
You die...

#### #..##
###...# #.#...#
#....#
##....####
##.#........#
#....<..(@C.##
#>....###(.....#
#.#.. #......#
#. ......### #
..#...##
#...#.... ..#
....## .. #....#
#. ..###


You could see a stone giant.

Vanquished Creatures
  7 hydras
  A two-headed ogre (D:9)
  3 catoblepae (Lair:6)
  8 death yaks
  A lindwurm (Lair:3)
  2 manticores (Lair:6)
  An ugly thing (D:11)
  5 elephants
  6 black mambas
  10 spiny frogs
  A torpor snail (Lair:5)
  A kobold demonologist (D:11)
  2 rime drakes (Lair:2)
  6 komodo dragons
  A jumping spider (Lair:2)
  2 hornets (D:8)
  2 polar bears (Lair:6)
  A troll (D:9)
  5 hippogriffs
  13 blink frogs
  6 spriggans (Lair:1)
  2 redbacks (Lair:2)
  44 yaks
  6 humans (D:7)
  4 wyverns
  3 basilisks
  5 hungry ghosts
  3 vampire mosquitoes
  2 soldier ants (D:8)
  10 water moccasins
  8 porcupines
  4 black bears
  5 orc warriors
  2 sky beasts
  3 ice beasts
  3 phantoms
  6 ogres
  A necrophage (D:8)
  13 wolves
  6 centaurs
  10 crocodiles
  5 big kobolds
  2 elf zombies (Ossuary)
  15 bullfrogs
  8 scorpions
  13 killer bees
  3 wights
  6 howler monkeys
  A centaur zombie (D:10)
  5 crimson imps
  A human zombie (Ossuary)
  2 hounds
  4 jellies
  16 orc wizards
  9 orc priests
  2 centaur skeletons
  A bullfrog skeleton (D:6)
  Jessica (D:2)
  2 iguanas
  6 hell rats (Lair:2)
  3 worker ants
  A killer bee zombie (D:9)
  2 big kobold zombies (Ossuary)
  4 hound zombies
  2 hound skeletons (D:4)
  4 mummies
  10 gnolls
  16 adders
  2 shadow imps
  2 oozes
  3 adder zombies (Ossuary)
  An adder skeleton (D:9)
  5 worms
  3 dart slugs
  8 leopard geckos
  61 orcs
  6 giant cockroaches
  3 gnoll zombies (Ossuary)
  10 goblins
  8 hobgoblins
  5 jackals
  6 quokkas
  12 bats
  6 frilled lizards
  5 goblin zombies
  5 hobgoblin zombies (Ossuary)
  4 jackal zombies (Ossuary)
  20 kobolds
  A kobold zombie (Ossuary)
  A leopard gecko skeleton (D:8)
  2 orc zombies
  6 quokka zombies
  7 rats
  2 fungi
  2 plants (Lair:6)
564 creatures vanquished.

Vanquished Creatures (others)
  15 fungi
  29 plants
44 creatures vanquished.

Grand Total: 608 creatures vanquished

Notes
Turn   | Place    | Note
-------+----------+-------------------------------------------
     0 | D:1      | Faels the Demonspawn Fighter began the quest for the Orb.
     0 | D:1      | Reached XP level 1. HP: 18/18 MP: 1/1
   255 | D:1      | Gained mutation: When seriously injured, your bleeding
                  | wounds create armour. (AC +6) [demonic ancestry]
   255 | D:1      | Reached XP level 2. HP: 24/24 MP: 2/2
   553 | D:1      | Reached skill level 1 in Dodging
   815 | D:1      | Reached XP level 3. HP: 28/29 MP: 3/3
  1180 | D:2      | Noticed Jessica
  1277 | D:2      | Killed Jessica
  1277 | D:2      | Gained mutation: Your flesh is cold resistant. (rC+)
                  | [demonic ancestry]
  1277 | D:2      | Reached XP level 4. HP: 22/35 MP: 4/4
  1609 | D:2      | Reached skill level 1 in Short Blades
  1875 | D:2      | Reached XP level 5. HP: 41/41 MP: 5/5
  2330 | D:3      | Reached skill level 2 in Short Blades
  2553 | D:3      | Found an ornate altar of the Wu Jian Council.
  3151 | D:3      | Reached skill level 3 in Short Blades
  3413 | D:4      | Reached XP level 6. HP: 47/47 MP: 6/6
  3489 | D:4      | Found a sacrificial altar of Ru.
  4338 | D:4      | Reached skill level 4 in Short Blades
  4760 | D:3      | Reached XP level 7. HP: 28/52 MP: 7/7
  5087 | D:5      | Entered Level 5 of the Dungeon
  5098 | D:5      | Reached skill level 5 in Short Blades
  5229 | D:5      | Found a glowing silver altar of Zin.
  5230 | D:5      | Noticed an angel
  5385 | D:5      | Got a transparent helmet
  5435 | D:5      | Identified the cursed +0 helmet of Imusedef {Str+2 Int+2}
                  | (You found it on level 5 of the Dungeon)
  5436 | D:5      | Found a sand-covered staircase.
  5496 | Ossuary  | Entered an ossuary
  5580 | Ossuary  | Reached skill level 6 in Short Blades
  5588 | Ossuary  | Reached XP level 8. HP: 43/58 MP: 8/8
  6061 | Ossuary  | Reached skill level 5 in Dodging
  6407 | D:5      | Reached skill level 7 in Short Blades
  6490 | D:5      | Found a glowing golden altar of the Shining One.
  7187 | D:6      | Found a shattered altar of Ashenzari.
  7188 | D:6      | Found a radiant altar of Vehumet.
  7188 | D:6      | Found a white marble altar of Elyvilon.
  7350 | D:6      | Reached skill level 8 in Short Blades
  7437 | D:6      | Found a hazy altar of Hepliaklqana.
  7469 | D:6      | Gained mutation: You have sharp fingernails. [demonic
                  | ancestry]
  7469 | D:6      | Reached XP level 9. HP: 62/63 MP: 9/9
  8232 | D:7      | Found a staircase to the Ecumenical Temple.
  8246 | Temple   | Entered the Ecumenical Temple
  8345 | D:7      | Reached skill level 9 in Short Blades
  8670 | D:7      | Reached skill level 1 in Throwing
  9441 | D:7      | Reached skill level 10 in Short Blades
  9458 | D:7      | Gained mutation: You are immune to freezing clouds.
                  | [demonic ancestry]
  9458 | D:7      | Reached XP level 10. HP: 52/71 MP: 10/10
 10616 | D:8      | Reached skill level 11 in Short Blades
 11014 | D:8      | Found an opulent altar of Gozag.
 12439 | D:9      | Found a staircase to the Lair.
 13601 | D:9      | Found an iron altar of Okawaru.
 13608 | D:9      | Became a worshipper of Warmaster Okawaru
 13648 | D:9      | Noticed a two-headed ogre
 13664 | D:9      | Killed a two-headed ogre
 13664 | D:9      | Reached skill level 1 in Evocations
 13664 | D:9      | Reached XP level 11. HP: 12/78 MP: 11/11
 14139 | D:10     | Entered Level 10 of the Dungeon
 14504 | D:10     | Reached * piety under Okawaru
 15140 | D:10     | Reached skill level 5 in Fighting
 15192 | D:10     | You fall into a shaft and drop 1 floor!
 15192 | D:11     | Found Qyiru's Weapon Shoppe.
 15460 | D:11     | Bought a +0 scimitar for 68 gold pieces
 15597 | D:11     | Noticed a purple ugly thing
 15630 | D:11     | Killed a purple ugly thing
 16023 | D:11     | Reached ** piety under Okawaru
 16780 | D:10     | Reached skill level 5 in Armour
 16780 | D:10     | Reached skill level 5 in Shields
 17072 | D:10     | Found a staircase to the Orcish Mines.
 17322 | Lair:1   | Entered Level 1 of the Lair of Beasts
 18449 | D:9      | Reached *** piety under Okawaru
 19016 | Lair:1   | Received a gift from Okawaru
 19196 | Lair:1   | Gained mutation: You are dopey. (Int -2) [potion of
                  | mutation]
 19196 | Lair:1   | Gained mutation: Scrolls take you a little longer to read.
                  | [potion of mutation]
 19196 | Lair:1   | Gained mutation: You expend magic power (3 MP) to
                  | strengthen your wands. [potion of mutation]
 19197 | Lair:1   | Lost mutation: Scrolls take you a little longer to read.
                  | [potion of mutation]
 19197 | Lair:1   | Lost mutation: You are dopey. (Int -2) [potion of mutation]
 19197 | Lair:1   | Gained mutation: You are agile. (Dex +2) [potion of
                  | mutation]
 19197 | Lair:1   | Gained mutation: You do not regenerate when monsters are
                  | visible. [potion of mutation]
 19197 | Lair:1   | Gained mutation: You have a pair of small antennae on your
                  | head. [potion of mutation]
 19197 | Lair:1   | Gained mutation: Your muscles are strong. (Str +2) [potion
                  | of mutation]
 19585 | Lair:1   | Reached XP level 12. HP: 47/89 MP: 13/15
 21494 | Lair:2   | Reached skill level 5 in Evocations
 21916 | Lair:2   | Reached **** piety under Okawaru
 22041 | Lair:2   | Found a hole to the Spider Nest.
 23380 | Lair:3   | Found a staircase to the Swamp.
 24023 | Lair:3   | Noticed a six-headed hydra
 24213 | Lair:2   | Killed a six-headed hydra
 27230 | Lair:5   | Noticed a death yak
 27231 | Lair:5   | Noticed a death yak
 27449 | Lair:4   | Gained mutation: You are partially covered in sharp spines.
                  | [demonic ancestry]
 27449 | Lair:4   | Reached XP level 13. HP: 31/98 MP: 17/17
 27804 | Lair:5   | Found a runed translucent door.
 28234 | Lair:4   | Received a gift from Okawaru
 29010 | Lair:5   | Received a gift from Okawaru
 29736 | Lair:5   | Reached skill level 1 in Invocations
 30339 | Lair:5   | Reached ***** piety under Okawaru
 30535 | Lair:6   | Entered Level 6 of the Lair of Beasts
 30616 | Lair:6   | Found a viscous altar of Jiyva.
 30617 | Lair:6   | Found a staircase to the Slime Pits.
 32327 | Lair:6   | Received a gift from Okawaru
 32328 | Lair:6   | Got a polished quick blade {god gift}
 32460 | Lair:6   | Identified the +2 quick blade of Expedience {vorpal, rPois}
                  | (Okawaru gifted it to you on level 6 of the Lair of Beasts)
 33262 | Lair:6   | Reached skill level 10 in Dodging
 33328 | Lair:5   | Reached skill level 5 in Invocations
 34038 | Lair:6   | Reached XP level 14. HP: 52/108 MP: 19/19
 34166 | Lair:6   | Received a gift from Okawaru
 34169 | Lair:6   | Got a sheer robe {god gift}
 34313 | Lair:6   | Reached ****** piety under Okawaru
 35587 | Orc:1    | Entered Level 1 of the Orcish Mines
 35587 | Orc:1    | Noticed a stone giant
 35606 | Orc:1    | Mangled by a stone giant

Levels and vault maps discovered:
D:1:      dpeg_arrival_renting, layout_loops_ring, minivault_23
D:2:      cheibrodos_old_hovel, layout_rooms, minmay_nonomino_d4, uniq_jessica
D:3:      layout_loops_corners, overflow_temple_1_default, first_ration
D:4:      minmay_chambers_of_fours, layout_basic,
          nicolae_ru_great_annihilating_truth
D:5:      black_bear_nest_2, layout_cave_pools, zin_angel, kennysheep_mini,
          nicolae_ossuary_entry_giza, minivault_4
D:6:      layout_rooms, chequers_temple_overflow_statue_of_worship,
          lemuel_round_altar, chequers_serial_rivers_large_a
D:7:      layout_rooms, temple_green, minmay_ruffians
D:8:      layout_loops_corners, kennysheep_little_box, minivault_5,
          hangedman_pestilent_swarm
D:9:      minmay_bubble_buster, layout_cave_pools, okawaru_gym_becter,
          dpeg_oklobed_lair
D:10:     layout_roguey, hiddenorc1_lemuel
D:11:     layout_rooms, serial_shops, shop_statue, minmay_unpleasant_kobolds
Temple:   cyrus_circular_temple
Lair:1:   layout_regular_city, wad_woods_01, minmay_lair_oklob_chamber
Lair:2:   layout_roguey, spider_nest_entry_a
Lair:3:   layout_gridlike, minmay_swamp_entry_swarm
Lair:4:   layout_concentric_octagons
Lair:5:   layout_hall_layers, pf_torpor_hydra
Lair:6:   evilmike_catoblepas_cave, layout_cave_pods, slime_altar_1
Orc:1:    layout_diamond_mine, ebering_ghost_xom, portal_ice_cave_rime

Skill      XL: |  1  2  3  4  5  6  7  8  9 10 11 12 13 14 |
---------------+-------------------------------------------+-----
Long Blades    | 2 3 |  3.4
Dodging        | 1 2 3 4 5 6 7 9 10 | 10.0
Short Blades   | 1 3 4 6 8 10 11 | 11.8
Throwing       | 1 2 |  2.7
Armour         | 3 4 5 7 8 9 |  9.0
Shields        | 3 4 5 7 8 9 |  9.0
Fighting       | 4 6 8 9 |  9.8
Evocations     | 1 4 6 7 |  7.0
Invocations    | 5 6 |  6.2

Action                   |  1- 3 |  4- 6 |  7- 9 | 10-12 | 13-15 || total
-------------------------+-------+-------+-------+-------+-------++-------
Melee: Long sword        |    97 |    50 |    40 |       |       ||   187
       Dagger            |       |   218 |   776 |  2009 |   775 ||  3778
       Short sword       |       |       |    56 |    77 |       ||   133
       Rapier            |       |       |       |    14 |       ||    14
Throw: Dart              |       |       |     5 |    55 |    37 ||    97
       Boomerang         |       |       |       |     6 |       ||     6
Invok: Heroism           |       |       |       |     9 |     5 ||    14
 Abil: Evoke Berserk Rag |       |       |     1 |     6 |     2 ||     9
Evoke: Wand              |       |       |       |     1 |       ||     1
  Use: Potion            |     1 |       |     2 |     6 |       ||     9
       Scroll            |       |     7 |     7 |    15 |     7 ||    36
  Eat: Chunk             |     1 |    11 |    15 |    52 |     9 ||    88
       Ration            |       |       |     2 |     8 |     6 ||    16
Armor: Scale mail        |    29 |       |       |       |       ||    29
       Chain mail        |    21 |   117 |   244 |   406 |    94 ||   882
       Skin              |       |       |       |     1 |       ||     1
Dodge: Dodged            |    22 |    49 |   180 |   445 |   158 ||   854
Block: Kite shield       |    58 |   104 |   270 |   877 |   368 ||  1677
       Rpst.: Long sword |    10 |     3 |     4 |       |       ||    17

Table legend:
 A = Non-vault XP
 B = Vault XP
 C = Vault XP percentage of total XP
 D = Non-vault monster count
 E = Vault monster count
 F = Vault count percentage of total count
                 A         B        C        D         E       F
            +---------+---------+-------+---------+---------+-------
      Total |   50950 |   19121 |  27.3 |     428 |     132 |  23.6
            +---------+---------+-------+---------+---------+-------
        D:1 |      87 |       0 |   0.0 |      30 |       0 |   0.0
        D:2 |     116 |      40 |  25.6 |      20 |       3 |  13.0
        D:3 |     333 |       0 |   0.0 |      26 |       0 |   0.0
        D:4 |     303 |      73 |  19.4 |      17 |       8 |  32.0
        D:5 |     814 |     154 |  15.9 |      23 |       4 |  14.8
        D:6 |     768 |       0 |   0.0 |      22 |       0 |   0.0
        D:7 |    1176 |    1177 |  50.0 |      25 |       6 |  19.4
        D:8 |    2098 |     935 |  30.8 |      36 |       7 |  16.3
        D:9 |    2807 |    1144 |  29.0 |      32 |       7 |  17.9
       D:10 |    1714 |     237 |  12.1 |      29 |      16 |  35.6
       D:11 |    2094 |     305 |  12.7 |      22 |       6 |  21.4
     Temple |     248 |       0 |   0.0 |       3 |       0 |   0.0
     Lair:1 |    6043 |    1698 |  21.9 |      26 |       7 |  21.2
     Lair:2 |    5935 |    1092 |  15.5 |      33 |       5 |  13.2
     Lair:3 |    3705 |     174 |   4.5 |      19 |       1 |   5.0
     Lair:4 |    4560 |       0 |   0.0 |      14 |       0 |   0.0
     Lair:5 |    8591 |    1597 |  15.7 |      27 |       3 |  10.0
     Lair:6 |    9558 |   10045 |  51.2 |      24 |      22 |  47.8
    Ossuary |       0 |     450 | 100.0 |       0 |      37 | 100.0
            +---------+---------+-------+---------+---------+-------
